[Event "Monday Night Engine Tour 11 Rd Swiss 5m+1s Starts at 2200hrs ST"]
[Site "Infinity Chess"]
[Date "2018.4.16"]
[Round "8"]
[White "OlivierEvan"]
[Black "Murx"]
[Result "0-1 "]
[ECO "C51"]
[WhiteElo "2433"]
[BlackElo "2565"]
[WhiteEngine "Houdini 6"]
[BlackEngine "asmFishW_2018-04-07_popcnt"]
[EventType "Swiss"]
[WhiteTeam ""]
[BlackTeam ""]
[PlyCount "144"]
[TimeControl "300+1"]

1. e4 e5 2. Nf3 Nc6 3. Bc4 Bc5 4. b4 Bxb4 5. c3 Be7 6. d4 Na5 7. Be2 exd4 
8. Qxd4 Nf6 9. e5 Nc6 10. Qf4 Nd5 11. Qg3 Kf8 12. O-O h5 13. Rd1 h4 14. Qg4 Nb6 
15. c4 d6 16. Qe4 h3 17. g3 Na4 18. Qc2 Bd7 19. Ba3 Nxe5 20. Nxe5 dxe5 
21. Qd3 Bxa3 22. Qxa3+ Ke8 23. Bg4 Nb6 24. Qb2 Rh6 25. Bxd7+ Nxd7 26. Qxb7 Rb8 
27. Qe4 Rb2 28. Nc3 Qf6 29. Rf1 Qg6 30. Qa8+ Rb8 31. Qxa7 Qa6 32. Qe3 Qc6 
33. Nd5 Qxc4 34. Rad1 Rd6 35. Nf4 g5 36. Rxd6 cxd6 37. Nxh3 f6 38. f4 gxf4 
39. Nxf4 Rb2 40. Ng2 d5 41. Rc1 Qxa2 42. Nh4 Kd8 43. Qc3 Qa7+ 44. Kh1 Qb7 
45. Qa5+ Ke8 46. Qa3 d4+ 47. Kg1 Rb3 48. Qa2 Qd5 49. Rc8+ Ke7 50. Rc2 Ke6 
51. Rc6+ Qxc6 52. Qxb3+ Qd5 53. Qa4 Nb6 54. Qa6 Qc6 55. Ng2 Qc5 56. Kf2 e4 
57. h4 Ke5 58. Nf4 d3+ 59. Kf1 Nd5 60. Qe6+ Kd4 61. Nxd5 Qxd5 62. Qxf6+ Kc4 
63. Qb2 Qd4 64. Qa2+ Kb4 65. Qb1+ Ka3 66. Qc1+ Ka4 67. Qd1+ Ka5 68. Qb3 d2 
69. Qa3+ Kb6 70. Qb3+ Kc6 71. Ke2 e3 72. Qe6+ Kc5 0-1

[Event "Monday Night Engine Tour 11 Rd Swiss 5m+1s Starts at 2200hrs ST"]
[Site "Infinity Chess"]
[Date "2018.4.16"]
[Round "7"]
[White "Thor"]
[Black "ocirema"]
[Result "1/2-1/2"]
[ECO "C50"]
[WhiteElo "2524"]
[BlackElo "2492"]
[WhiteEngine "asmFishW_2018-04-08_bmi2"]
[BlackEngine "asmFishW_2018-04-11_popcnt_CTG"]
[EventType "Swiss"]
[WhiteTeam ""]
[BlackTeam ""]
[PlyCount "154"]
[TimeControl "300+1"]

1. e4 e5 2. Nf3 Nc6 3. Bc4 Bc5 4. O-O Nf6 5. d3 d6 6. c3 O-O 7. Nbd2 a6 
8. a4 Ne7 9. Re1 h6 10. Nf1 Ng6 11. h3 c6 12. Bb3 Re8 13. d4 exd4 14. cxd4 Bb4 
15. Bd2 Bxd2 16. N3xd2 d5 17. e5 Nh7 18. Bc2 Ng5 19. Ng3 Nf4 20. Ra3 g6 
21. Ne2 Nxe2+ 22. Rxe2 Ne6 23. Nf1 Qh4 24. Rd2 Nf4 25. Nh2 h5 26. Nf3 Qd8 
27. a5 Rb8 28. Qe1 Ne6 29. Rd1 b6 30. b4 Bd7 31. Raa1 bxa5 32. bxa5 Qe7 
33. Bd3 Rb3 34. Rab1 Ra3 35. Rb7 Rd8 36. Rb6 Kg7 37. Be2 g5 38. Rd3 Ra2 
39. Bf1 g4 40. Nh2 Qg5 41. Qb1 Ra4 42. Qb2 Rf8 43. Rb4 Rxa5 44. Rg3 Nf4 
45. Rb7 Be6 46. h4 Qh6 47. Nf3 Bf5 48. Ng5 Ne6 49. Nxe6+ Bxe6 50. Rbb3 Kh8 
51. Ra3 Rxa3 52. Rxa3 Ra8 53. g3 a5 54. Bd3 Kg7 55. Kh2 a4 56. Kg2 Bc8 
57. Kh2 Be6 58. Qc3 Bd7 59. Bc2 Ra6 60. Qd3 Ra7 61. Rxa4 Rxa4 62. Bxa4 Qc1 
63. Qe3 Qc4 64. Bb3 Qb4 65. Bc2 Qb2 66. Bd1 Kf8 67. Kg2 Ke8 68. Qg5 Qxd4 
69. Bc2 Qc3 70. Qg8+ Ke7 71. Qg5+ Ke8 72. Qxh5 Qxc2 73. Qh8+ Ke7 74. Qf6+ Kf8 
75. Qh8+ Ke7 76. Qf6+ Kf8 77. Qh8+ Ke7 1/2-1/2

[Event "Monday Night Engine Tour 11 Rd Swiss 5m+1s Starts at 2200hrs ST"]
[Site "Infinity Chess"]
[Date "2018.4.16"]
[Round "7"]
[White "Seliga"]
[Black "Dovahkiin"]
[Result "1-0"]
[ECO "A00"]
[WhiteElo "2539"]
[BlackElo "2415"]
[WhiteEngine "SF9 ''A5''_CTG"]
[BlackEngine "Raubfisch ME262_GTZ16f_CTG"]
[EventType "Swiss"]
[WhiteTeam ""]
[BlackTeam ""]
[PlyCount "185"]
[TimeControl "300+1"]

1. g3 d5 2. Nf3 Nf6 3. c4 e6 4. d4 Be7 5. Bg2 O-O 6. O-O dxc4 7. Qc2 a6 
8. a4 Bd7 9. Qxc4 Bc6 10. Bg5 Nbd7 11. Rc1 h6 12. Bxf6 Nxf6 13. Nc3 Qd6 
14. Rab1 a5 15. Ne5 Bxg2 16. Kxg2 Rac8 17. e3 c6 18. Rc2 Qc7 19. Rbc1 Rcd8 
20. Qe2 Nd7 21. Nd3 g6 22. Ne4 Qb8 23. Rc3 Kg7 24. Rb3 Qc7 25. h4 Rb8 26. h5 g5 
27. f4 Qd8 28. Qf3 gxf4 29. Qxf4 Kh7 30. Qf3 Kg8 31. Rc2 Kh7 32. Rf2 Kg7 
33. Rc3 Kh8 34. Qf4 Kh7 35. Qf3 Kh8 36. Nd2 Bg5 37. Nc4 f5 38. Nde5 Nxe5 
39. Nxe5 Kg7 40. Ng6 Rf6 41. Qe2 Qd6 42. Rf3 Rc8 43. Rc5 b6 44. Qa6 Qc7 
45. Rc3 c5 46. dxc5 bxc5 47. Rf2 e5 48. Qb5 e4 49. Rfc2 Rc6 50. Qf1 Bf6 
51. Rb3 Qd7 52. Rb5 Rd6 53. Rf2 Rd1 54. Qe2 Rc7 55. Nf4 Bg5 56. Ne6+ Qxe6 
57. Qxd1 Bxe3 58. Qd8 Rd7 59. Qc8 Bxf2 60. Rb7 Rxb7 61. Qxe6 Bd4 62. Qg6+ Kh8 
63. Qxh6+ Kg8 64. Qg5+ Rg7 65. Qxf5 e3 66. Qc8+ Kf7 67. h6 Rg8 68. Qf5+ Ke7 
69. Qe4+ Kf6 70. g4 Rh8 71. Qf5+ Ke7 72. g5 Re8 73. Qf3 Kd8 74. Kf1 Ke7 
75. Ke2 Rb8 76. Qe4+ Kd7 77. g6 Rxb2+ 78. Kf3 Rf2+ 79. Kg4 Kc7 80. g7 Rf1 
81. Qe7+ Kc6 82. Qe6+ Kc7 83. g8=Q Rg1+ 84. Kf5 Rxg8 85. Qxg8 Ba1 86. Qa2 Bd4 
87. Ke6 Kb6 88. Kd7 c4 89. Qh2 Ka6 90. Qc7 Be5 91. Qc6+ Ka7 92. Kc8 e2 93. Qb7# 
1-0

[Event "Monday Night Engine Tour 11 Rd Swiss 5m+1s Starts at 2200hrs ST"]
[Site "Infinity Chess"]
[Date "2018.4.16"]
[Round "7"]
[White "KRAKEN"]
[Black "RonWeasley"]
[Result "1-0"]
[ECO "E10"]
[WhiteElo "2570"]
[BlackElo "2514"]
[WhiteEngine "Raubfisch X38b_CTG"]
[BlackEngine "BrainFish 090218_CTG"]
[EventType "Swiss"]
[WhiteTeam ""]
[BlackTeam ""]
[PlyCount "167"]
[TimeControl "300+1"]

1. d4 Nf6 2. c4 e6 3. Nf3 d5 4. Nc3 c6 5. Bg5 h6 6. Bxf6 Qxf6 7. e3 Nd7 
8. Be2 g6 9. O-O Be7 10. Nd2 O-O 11. Rc1 Rd8 12. Qc2 b6 13. f4 Bb7 14. cxd5 cxd5 
15. Nf3 Bf8 16. g4 Qe7 17. h4 Nf6 18. Ne5 Nd7 19. Nf3 Nf6 20. g5 Ne4 
21. gxh6 Rac8 22. Bd3 Bxh6 23. Qh2 f6 24. Qh3 Re8 25. Rc2 Kh8 26. Rg2 Rg8 
27. Bxe4 dxe4 28. Ng5 Rcd8 29. Rc1 a6 30. Nxe6 Rde8 31. Ng5 Bc8 32. Qh1 Rg7 
33. Kf2 Qb4 34. Rc2 Qf8 35. Ke1 a5 36. Rcf2 a4 37. h5 Bf5 38. hxg6 Rxg6 
39. Qh5 fxg5 40. fxg5 Ree6 41. d5 Rd6 42. Qh2 a3 43. gxh6 Rxg2 44. Rxg2 Qe7 
45. Qh5 Rf6 46. Rg7 Qf8 47. bxa3 Bh7 48. Rc7 Rxh6 49. Qe5+ Qf6 50. Qxf6+ Rxf6 
51. Rc6 Rf3 52. Ke2 Kg7 53. Rxb6 Rf8 54. a4 Ra8 55. Kd1 Bg8 56. Kc2 Rd8 
57. d6 Ra8 58. Kb2 Be6 59. Nxe4 Ra5 60. Rb5 Ra6 61. a5 Ra8 62. Rb7+ Kg6 
63. Nc5 Bc8 64. a6 Bxb7 65. Nxb7 Rxa6 66. d7 Rb6+ 67. Ka1 Rxb7 68. d8=Q Rg7 
69. a4 Kh7 70. Qb6 Kg8 71. a5 Rg1+ 72. Kb2 Rf1 73. a6 Rf2+ 74. Kc3 Kg7 
75. a7 Rf8 76. Kd4 Rh8 77. Ke5 Rf8 78. a8=Q Rxa8 79. Qb7+ Kh8 80. Qxa8+ Kg7 
81. Qe8 Kh6 82. Kf6 Kh7 83. e4 Kh6 84. Qg6# 1-0

[Event "Monday Night Engine Tour 11 Rd Swiss 5m+1s Starts at 2200hrs ST"]
[Site "Infinity Chess"]
[Date "2018.4.16"]
[Round "7"]
[White "Victorious"]
[Black "OlivierEvan"]
[Result "0-1"]
[ECO "B90"]
[WhiteElo "2616"]
[BlackElo "2409"]
[WhiteEngine "asmFishW_9_popcnt"]
[BlackEngine "Houdini 6"]
[EventType "Swiss"]
[WhiteTeam ""]
[BlackTeam ""]
[PlyCount "200"]
[TimeControl "300+1"]

1. e4 c5 2. Nf3 d6 3. d4 cxd4 4. Nxd4 Nf6 5. Nc3 a6 6. Be3 e5 7. Nb3 Be6 
8. f3 h5 9. Qd2 Nbd7 10. Nd5 Bxd5 11. exd5 g6 12. Be2 Bg7 13. O-O b6 14. c4 O-O 
15. Rae1 Re8 16. Kh1 Rc8 17. Bg5 Qc7 18. Be3 Ra8 19. g4 hxg4 20. fxg4 a5 
21. Qd1 Nc5 22. Nxc5 bxc5 23. Qc2 Nh7 24. g5 Qe7 25. h4 Qd7 26. Kg2 e4 
27. Bd1 Re7 28. Bf4 Rb8 29. b3 Rbe8 30. Re3 Bd4 31. Rg3 e3 32. Qe2 Nf8 
33. Bc2 Be5 34. Bxe5 Rxe5 35. Kg1 Qb7 36. Rg2 Qd7 37. Rf3 R8e7 38. Kh1 Qc8 
39. Rf4 Qh3+ 40. Rh2 Qg3 41. Rf1 Re8 42. a3 R5e7 43. h5 Qxg5 44. Bd3 Qe5 
45. Rg2 Qh8 46. Kg1 Qh6 47. Qg4 Rb8 48. Be2 Qg7 49. Qh4 Rbb7 50. a4 Re8 
51. Qg4 Rxb3 52. Qf4 Rb6 53. Bd3 Re5 54. hxg6 fxg6 55. Qh4 g5 56. Qh5 Rb7 
57. Kh2 Rbe7 58. Kh1 Nd7 59. Kg1 Nf6 60. Qe2 g4 61. Bf5 Qh6 62. Be6+ Kg7 
63. Rh2 Qg5 64. Rg2 Kh6 65. Qe1 Rb7 66. Qe2 Re4 67. Qe1 e2 68. Rxe2 Rxe2 
69. Qxe2 Rb3 70. Rf2 Kg7 71. Bc8 Rg3+ 72. Rg2 Qc1+ 73. Qf1 Qe3+ 74. Qf2 Rxg2+ 
75. Kxg2 Qe4+ 76. Kh2 Qxc4 77. Qe3 Kg6 78. Kg3 Qxd5 79. Kf2 c4 80. Ba6 Qf5+ 
81. Ke1 Qb1+ 82. Ke2 Qc2+ 83. Ke1 Qxa4 84. Qb6 Qa1+ 85. Ke2 Qe5+ 86. Kf1 Qf4+ 
87. Kg1 Qg3+ 88. Kf1 Qd3+ 89. Kg1 g3 90. Qb2 Nd5 91. Bxc4 Qxc4 92. Qb1+ Kg5 
93. Qb2 Qd3 94. Qg7+ Kf4 95. Qh6+ Kg4 96. Qg7+ Kf3 97. Qf7+ Nf4 98. Qb7+ d5 
99. Qxd5+ Nxd5 100. Kh1 Qd1# 0-1

[Event "Monday Night Engine Tour 11 Rd Swiss 5m+1s Starts at 2200hrs ST"]
[Site "Infinity Chess"]
[Date "2018.4.16"]
[Round "7"]
[White "Murx"]
[Black "Deep_Impact"]
[Result "1/2-1/2"]
[ECO "C50"]
[WhiteElo "2567"]
[BlackElo "2527"]
[WhiteEngine "asmFishW_2018-04-07_popcnt"]
[BlackEngine "asmFishW_2018-04-07_bmi2"]
[EventType "Swiss"]
[WhiteTeam ""]
[BlackTeam ""]
[PlyCount "138"]
[TimeControl "300+1"]

1. e4 e5 2. Nf3 Nc6 3. Bc4 Bc5 4. O-O Nf6 5. d3 d6 6. c3 a5 7. Bg5 Ba7 
8. Nbd2 h6 9. Bh4 Qe7 10. Bb5 O-O 11. Nc4 Nb8 12. Ba4 g5 13. Bg3 Be6 
14. Ncd2 Nh5 15. d4 Nxg3 16. hxg3 Nd7 17. Rc1 Qf6 18. Bb3 Bg4 19. Qe2 c6 
20. Qd3 Rfe8 21. Bc2 Be6 22. Nc4 g4 23. d5 Bxd5 24. Nh4 Nc5 25. Qe2 Bxc4 
26. Qxc4 Rad8 27. Qe2 h5 28. Kh2 Qg5 29. Rcd1 Ne6 30. Bb3 Re7 31. f3 Ng7 
32. Rde1 Bb6 33. a4 Kf8 34. Ba2 Bc5 35. Rb1 Be3 36. Kh1 Kg8 37. Rbe1 Bc5 
38. Kh2 Kf8 39. Qc4 Rdd7 40. b4 Be3 41. Rxe3 Qxe3 42. fxg4 Ke8 43. bxa5 hxg4 
44. a6 Qb6 45. axb7 Qxb7 46. Rb1 Qa8 47. Rb6 Rc7 48. Qb4 Rb7 49. Rxb7 Rxb7 
50. Qxd6 Qxa4 51. Qxe5+ Kf8 52. Qd6+ Kg8 53. Ng6 Qxa2 54. Qd8+ Kh7 55. Nf8+ Kh8 
56. Nd7+ Kh7 57. Nf8+ Kh8 58. Ne6+ Ne8 59. Qh4+ Kg8 60. Qxg4+ Kh7 61. Qh3+ Kg6 
62. Qf5+ Kh6 63. Qh3+ Kg6 64. Qf5+ Kh6 65. Qg5+ Kh7 66. Qh4+ Kg6 67. Qg5+ Kh7 
68. Qh5+ Kg8 69. Qg5+ Kh7 1/2-1/2

[Event "Monday Night Engine Tour 11 Rd Swiss 5m+1s Starts at 2200hrs ST"]
[Site "Infinity Chess"]
[Date "2018.4.16"]
[Round "6"]
[White "star99"]
[Black "incredible"]
[Result "1/2-1/2 "]
[ECO "B11"]
[WhiteElo "2485"]
[BlackElo "2458"]
[WhiteEngine "Cryptic Heroes 9.4B"]
[BlackEngine "stockfish_18041408_x64_bmi2"]
[EventType "Swiss"]
[WhiteTeam ""]
[BlackTeam ""]
[PlyCount "152"]
[TimeControl "300+1"]

1. e4 c6 2. Nc3 d5 3. d4 dxe4 4. Nxe4 Bf5 5. Ng3 Bg6 6. Nf3 Nf6 7. h4 h6 
8. Ne5 Bh7 9. Bd3 Bxd3 10. Qxd3 e6 11. Bf4 Qa5+ 12. c3 Nbd7 13. Nc4 Qd8 
14. O-O-O b5 15. Ne3 Be7 16. Kb1 O-O 17. Ne2 Nd5 18. Nxd5 cxd5 19. g4 a5 
20. Bd2 b4 21. g5 bxc3 22. Bxc3 Bb4 23. Rc1 Kh8 24. Nf4 g6 25. Bxb4 axb4 
26. b3 h5 27. Rc6 Rc8 28. Rxc8 Qxc8 29. Qd2 Qc7 30. Nd3 Rb8 31. Rc1 Qb6 
32. Qf4 Kg8 33. Rc2 Qb5 34. Qe3 Re8 35. Rc7 Rd8 36. Rc1 Rb8 37. Rc2 Re8 
38. Qg3 Qb6 39. Qf4 Qb5 40. Qg3 Qb6 41. Qc7 Qb5 42. Nc1 Nb8 43. Ne2 Qd3 
44. Kb2 Qf3 45. Qf4 Qd3 46. Qc7 Qf3 47. Qg3 Qe4 48. Qf4 Qd3 49. Qe5 Qa6 
50. Qc7 Qd3 51. Qb7 Qf3 52. Nc1 Qe4 53. Qxb4 Qxh4 54. Qd2 Nd7 55. f4 Rb8 
56. a4 Nb6 57. Ka2 Qh1 58. Qh2 Qe4 59. f5 Ra8 60. fxg6 fxg6 61. Qe2 Nxa4 
62. bxa4 Rxa4+ 63. Kb3 Rxd4 64. Qxe4 dxe4 65. Ne2 Rd5 66. Rc8+ Kf7 67. Rc7+ Kg8 
68. Rc8+ Kf7 69. Nc3 Rxg5 70. Nxe4 Re5 71. Rc7+ Kf8 72. Nc5 Kg8 73. Kc4 h4 
74. Kd4 Rd5+ 75. Ke4 h3 76. Nxe6 Rf5 1/2-1/2

[Event "Monday Night Engine Tour 11 Rd Swiss 5m+1s Starts at 2200hrs ST"]
[Site "Infinity Chess"]
[Date "2018.4.16"]
[Round "6"]
[White "RonWeasley"]
[Black "koalachess"]
[Result "1-0"]
[ECO "E32"]
[WhiteElo "2503"]
[BlackElo "2366"]
[WhiteEngine "BrainFish 090218_CTG"]
[BlackEngine "asmFishW_2018-02-02_popcnt_CTG"]
[EventType "Swiss"]
[WhiteTeam ""]
[BlackTeam ""]
[PlyCount "117"]
[TimeControl "300+1"]

1. d4 Nf6 2. c4 e6 3. Nc3 Bb4 4. Qc2 O-O 5. e4 d5 6. e5 Ne4 7. Bd3 c5 
8. Nf3 cxd4 9. Nxd4 Nd7 10. Bf4 Qh4 11. g3 Qh3 12. O-O-O Nxc3 13. bxc3 Ba3+ 
14. Kb1 Nb6 15. Bf1 Qh5 16. Be2 Qg6 17. Bd3 Qh5 18. g4 Qh4 19. Nf3 Qd8 
20. c5 Nd7 21. Bxh7+ Kh8 22. Ng5 Nxc5 23. Be3 Qa5 24. Bxc5 Qxc5 25. Ka1 Qb6 
26. h4 a5 27. Rh3 f5 28. Rb1 Qc7 29. Bg6 Qc4 30. gxf5 exf5 31. Qd1 Qg4 
32. Qb3 Be7 33. Rg3 Qe2 34. Qxd5 f4 35. Rgg1 Bg4 36. Rb2 Rad8 37. Rxe2 Rxd5 
38. Rxg4 Rd1+ 39. Kb2 f3 40. Rc2 Re1 41. Be4 a4 42. Rd2 Re2 43. Kc2 b5 
44. Ne6 Re8 45. Bc6 Rc8 46. Bxf3 Rxe5 47. Nf4 Bf6 48. Ng6+ Kg8 49. Nxe5 Bxe5 
50. Rd3 Bf6 51. Be2 Rc4 52. Rdg3 Rc5 53. Rf3 Re5 54. Bxb5 Kf7 55. Bd3 a3 
56. Ra4 Ke7 57. Rxa3 Rc5 58. Bf5 Re5 59. h5 1-0

[Event "Monday Night Engine Tour 11 Rd Swiss 5m+1s Starts at 2200hrs ST"]
[Site "Infinity Chess"]
[Date "2018.4.16"]
[Round "6"]
[White "Thor"]
[Black "Seliga"]
[Result "1/2-1/2"]
[ECO "C50"]
[WhiteElo "2523"]
[BlackElo "2540"]
[WhiteEngine "asmFishW_2018-04-08_bmi2"]
[BlackEngine "SF9 ''A5''_CTG"]
[EventType "Swiss"]
[WhiteTeam ""]
[BlackTeam ""]
[PlyCount "175"]
[TimeControl "300+1"]

1. e4 e5 2. Nf3 Nc6 3. Bc4 Bc5 4. O-O Nf6 5. d3 a5 6. c3 d6 7. Re1 O-O 
8. Nbd2 Ba7 9. h3 h6 10. Nf1 Be6 11. Bb5 Ne7 12. Ng3 c6 13. Ba4 b5 14. Bc2 a4 
15. d4 Ng6 16. b3 axb3 17. axb3 Bb6 18. Rxa8 Qxa8 19. Be3 Rd8 20. Qc1 Qb8 
21. Nf5 Rd7 22. b4 Rb7 23. Qb1 Ra7 24. Nxd6 Qxd6 25. dxe5 Nxe5 26. Bxb6 Nxf3+ 
27. gxf3 Ra2 28. Be3 Qe5 29. Bb3 Bxb3 30. Qxb3 Ra8 31. Qc2 Qh5 32. Kg2 Qg6+ 
33. Kh2 Qh5 34. Kg2 Qg6+ 35. Kh2 Qh5 36. Qe2 Qe5+ 37. Kg2 Qxc3 38. Rc1 Qxb4 
39. Rxc6 Nd7 40. Bf4 Ra1 41. Bc1 Kh7 42. Qd2 Qxd2 43. Bxd2 Ne5 44. Rc7 Nc4 
45. Be3 Nxe3+ 46. fxe3 Kg6 47. Rb7 Rb1 48. Rb6+ Kh7 49. Kg3 b4 50. Kf4 b3 
51. h4 b2 52. h5 Kg8 53. Rb8+ Kh7 54. Rb6 f6 55. e5 fxe5+ 56. Kxe5 Re1 
57. Rxb2 Rxe3+ 58. Kf4 Rc3 59. Rb7 Rc4+ 60. Kg3 Rc1 61. f4 Rh1 62. Kg4 Rc1 
63. f5 Rc6 64. Kf4 Rc5 65. Ke4 Rc4+ 66. Kd3 Rh4 67. Ke3 Ra4 68. f6 Ra3+ 
69. Kf2 Ra2+ 70. Kf3 Ra3+ 71. Ke4 Ra4+ 72. Kf5 Ra5+ 73. Kf4 Rxh5 74. f7 g5+ 
75. Ke4 Kg7 76. Kf5 Rh1 77. f8=Q+ Kxf8 78. Rh7 Kg8 79. Ra7 Rc1 80. Rb7 Rc6 
81. Kg4 Rf6 82. Kh5 Kf8 83. Ra7 Re6 84. Rb7 Ke8 85. Rh7 Rf6 86. Ra7 Kf8 
87. Rc7 Ra6 88. Rb7 1/2-1/2

[Event "Monday Night Engine Tour 11 Rd Swiss 5m+1s Starts at 2200hrs ST"]
[Site "Infinity Chess"]
[Date "2018.4.16"]
[Round "6"]
[White "OlivierEvan"]
[Black "KRAKEN"]
[Result "1/2-1/2"]
[ECO "C58"]
[WhiteElo "2402"]
[BlackElo "2577"]
[WhiteEngine "Houdini 6"]
[BlackEngine "Raubfisch X38b_CTG"]
[EventType "Swiss"]
[WhiteTeam ""]
[BlackTeam ""]
[PlyCount "117"]
[TimeControl "300+1"]

1. e4 e5 2. Nf3 Nc6 3. Bc4 Nf6 4. Ng5 d5 5. exd5 Na5 6. Bb5+ c6 7. dxc6 bxc6 
8. Bd3 Nd5 9. h4 g6 10. O-O Bg7 11. Re1 O-O 12. Bf1 h6 13. Nf3 Bg4 14. d3 Re8 
15. c3 Nb7 16. Nbd2 Nc5 17. Nc4 a5 18. Be3 Nxd3 19. Bxd3 e4 20. Bg5 hxg5 
21. Rxe4 Rxe4 22. Bxe4 gxh4 23. Qd2 Qc7 24. Bxd5 cxd5 25. Qxd5 Rc8 26. Ne3 Be6 
27. Qe4 Qb8 28. Rd1 Qxb2 29. Ng5 Qxa2 30. c4 Bxc4 31. Rc1 Bc3 32. Nxc4 Qxc4 
33. Qe3 Qc6 34. Ne4 Re8 35. Nf6+ Qxf6 36. Qxe8+ Kg7 37. Qe3 Bd4 38. Qd2 h3 
39. g3 a4 40. Rc4 Be5 41. Rh4 a3 42. Qh6+ Kg8 43. Qd2 h2+ 44. Rxh2 Qb6 
45. Qd5 Bxg3 46. Qa8+ Qb8 47. Qxb8+ Bxb8 48. Rh4 g5 49. Ra4 Kg7 50. Rxa3 Kf6 
51. Ra8 Bd6 52. Rd8 Bf4 53. Rg8 Ke7 54. Kf1 f5 55. Rc8 g4 56. f3 gxf3 57. Rc5 f2 
58. Rxf5 Bg3 59. Rg5 1/2-1/2

[Event "Monday Night Engine Tour 11 Rd Swiss 5m+1s Starts at 2200hrs ST"]
[Site "Infinity Chess"]
[Date "2018.4.16"]
[Round "6"]
[White "ocirema"]
[Black "Murx"]
[Result "0-1 "]
[ECO "C55"]
[WhiteElo "2506"]
[BlackElo "2553"]
[WhiteEngine "asmFishW_2018-04-11_popcnt_CTG"]
[BlackEngine "asmFishW_2018-04-07_popcnt"]
[EventType "Swiss"]
[WhiteTeam ""]
[BlackTeam ""]
[PlyCount "213"]
[TimeControl "300+1"]

1. e4 e5 2. Nf3 Nc6 3. Bc4 Nf6 4. d3 Bc5 5. O-O d6 6. c3 O-O 7. Bg5 h6 8. Bh4 g5 
9. Bg3 a5 10. a4 Kg7 11. Na3 Ne7 12. Nc2 Bb6 13. Ne3 Ng6 14. Bb3 Bxe3 
15. fxe3 Nh5 16. Be1 g4 17. Nd2 Qg5 18. Qe2 f5 19. exf5 Bxf5 20. g3 e4 
21. d4 Ne7 22. c4 Nf6 23. Bc2 b6 24. Nb1 Nh7 25. d5 Kg8 26. Nc3 Qg6 27. Nb5 Rac8 
28. Na7 Rcd8 29. Nb5 Ng5 30. Kh1 Rc8 31. b4 axb4 32. Bxb4 Nf3 33. a5 bxa5 
34. Bc3 Bd7 35. Nd4 a4 36. Bxa4 Bxa4 37. Rxa4 Qh5 38. Raa1 Nf5 39. Nxf5 Rxf5 
40. Qg2 Rcf8 41. Qc2 Qh3 42. Qg2 Qh5 43. Qc2 R5f7 44. Rf2 Qg6 45. Ra2 h5 
46. Qe2 Qg5 47. Be1 h4 48. gxh4 Qxh4 49. Rxf3 gxf3 50. Bxh4 fxe2 51. Rxe2 Rf1+ 
52. Kg2 Rc1 53. Kg3 Kh7 54. Kg4 Kg6 55. Bg3 Rxc4 56. h4 Rf5 57. Rd2 Rc3 
58. Bf4 Rc1 59. Kg3 Rf8 60. Kh3 Rh1+ 61. Kg3 Rf7 62. Ra2 Kf5 63. Ra8 Rg7+ 
64. Kf2 Rxh4 65. Rf8+ Kg4 66. Re8 Rf7 67. Ke2 Rxf4 68. Rg8+ Kf5 69. exf4 Kxf4 
70. Rf8+ Ke5 71. Rc8 e3 72. Kd3 e2 73. Kxe2 Rc4 74. Rh8 Kxd5 75. Rh5+ Kc6 
76. Ra5 Rc5 77. Ra4 Rc3 78. Kd2 Rb3 79. Rc4+ Kb6 80. Kc2 Ra3 81. Rb4+ Kc6 
82. Rc4+ Kd7 83. Rh4 c5 84. Kb2 Re3 85. Rh1 Rf3 86. Kc1 Re3 87. Rh6 Re2 
88. Kd1 Ra2 89. Rh4 Rg2 90. Kc1 Rf2 91. Kb1 Re2 92. Rh8 Rf2 93. Kc1 Kc6 
94. Rc8+ Kd7 95. Ra8 Rg2 96. Kd1 Rh2 97. Ke1 Kc7 98. Ra6 Kd7 99. Rb6 Ke7 
100. Kf1 Kd7 101. Kg1 Rh3 102. Kg2 Rc3 103. Kf2 Ke7 104. Rb1 Kf7 105. Re1 Rb3 
106. Re4 Rd3 107. Ke2 0-1

[Event "Monday Night Engine Tour 11 Rd Swiss 5m+1s Starts at 2200hrs ST"]
[Site "Infinity Chess"]
[Date "2018.4.16"]
[Round "6"]
[White "Deep_Impact"]
[Black "Victorious"]
[Result "1/2-1/2"]
[ECO "C53"]
[WhiteElo "2523"]
[BlackElo "2620"]
[WhiteEngine "asmFishW_2018-04-07_bmi2"]
[BlackEngine "asmFishW_9_popcnt"]
[EventType "Swiss"]
[WhiteTeam ""]
[BlackTeam ""]
[PlyCount "129"]
[TimeControl "300+1"]

1. e4 e5 2. Nf3 Nc6 3. Bc4 Bc5 4. c3 Nf6 5. d3 a5 6. O-O d6 7. Bg5 Ba7 
8. Nbd2 h6 9. Bh4 O-O 10. Re1 g5 11. Bg3 Nh7 12. h3 g4 13. hxg4 Bxg4 14. Kh1 Kh8 
15. Qc2 Qf6 16. Nh2 Bd7 17. Ndf3 Rg8 18. Qd2 Qg7 19. Rg1 Bb6 20. a4 Qg6 
21. b4 Nf6 22. b5 Nd8 23. Rae1 Be6 24. Bxe6 Nxe6 25. Bh4 Nh7 26. d4 f6 
27. Nf1 Nhg5 28. Ng3 Raf8 29. Qd1 Nf4 30. Nh2 d5 31. f3 dxe4 32. fxe4 Nfe6 
33. Rgf1 exd4 34. cxd4 Bxd4 35. Nf5 Rf7 36. Ng4 Rd7 37. Nxd4 Qh5 38. g3 Rxd4 
39. Nxf6 Qxd1 40. Rxd1 Rgd8 41. Ra1 Rf8 42. e5 Kg7 43. Bxg5 hxg5 44. Kg2 Rd2+ 
45. Rf2 Rxf2+ 46. Kxf2 Rd8 47. Ke3 Kg6 48. Rf1 Nc5 49. Rc1 b6 50. Ne4 Rd3+ 
51. Ke2 Rd5 52. Nxc5 Rxe5+ 53. Kd3 bxc5 54. g4 Kf6 55. Rf1+ Ke6 56. Kc4 Re4+ 
57. Kxc5 Rxa4 58. Rh1 Rxg4 59. Rh7 a4 60. Rxc7 a3 61. Ra7 a2 62. Rxa2 Rg1 
63. b6 g4 64. b7 Rc1+ 65. Kb6 1/2-1/2

[Event "Monday Night Engine Tour 11 Rd Swiss 5m+1s Starts at 2200hrs ST"]
[Site "Infinity Chess"]
[Date "2018.4.16"]
[Round "5"]
[White "RonWeasley"]
[Black "Dovahkiin"]
[Result "1-0"]
[ECO "D30"]
[WhiteElo "2489"]
[BlackElo "2429"]
[WhiteEngine "BrainFish 090218_CTG"]
[BlackEngine "Raubfisch ME262_GTZ16f_CTG"]
[EventType "Swiss"]
[WhiteTeam ""]
[BlackTeam ""]
[PlyCount "197"]
[TimeControl "300+1"]

1. d4 d5 2. c4 e6 3. Nf3 Nf6 4. Nc3 c6 5. Bg5 h6 6. Bxf6 Qxf6 7. e3 Nd7 
8. Be2 g6 9. O-O Bg7 10. e4 dxe4 11. Nxe4 Qf4 12. Qc2 f5 13. Ned2 c5 14. g3 Qc7 
15. Nh4 Bxd4 16. Nxg6 Rg8 17. Nh4 Nf6 18. Nb3 Be5 19. Qd1 a5 20. Bh5+ Kf8 
21. Rb1 a4 22. Nc1 Kg7 23. Nd3 Rd8 24. Bf3 Rd4 25. Qc2 Bd6 26. Bg2 e5 27. f3 Be6 
28. Nf2 Qd7 29. Rbd1 Ng8 30. Rxd4 cxd4 31. Bh3 Ne7 32. g4 fxg4 33. fxg4 Qc6 
34. b3 axb3 35. axb3 Rf8 36. Qd3 Bd7 37. Bg2 Qb6 38. h3 Ba3 39. Kh2 Bd6 
40. Ne4 Rxf1 41. Qxf1 Bc7 42. Kh1 Ng6 43. Nf5+ Bxf5 44. Qxf5 Qc6 45. g5 h5 
46. Qf6+ Qxf6 47. Nxf6 Bd8 48. Nxh5+ Kf7 49. Bd5+ Kf8 50. Bxb7 d3 51. Ng3 Bxg5 
52. Bf3 Nf4 53. Ne4 Bh4 54. Bg4 Be1 55. Kg1 Ke8 56. Nf2 Bb4 57. h4 d2 58. h5 Kf7 
59. Kf1 Kg7 60. Ne4 Ne6 61. Bd1 Kh6 62. Kf2 Nf4 63. Ke3 Ng2+ 64. Kd3 Nf4+ 
65. Ke3 Ng2+ 66. Kf3 Nf4 67. Kf2 Kg7 68. Ke3 Ng2+ 69. Kf2 Nf4 70. Ng3 Bc5+ 
71. Kf3 Kh6 72. Ke4 Nh3 73. Kd5 Bb6 74. Ne4 Nf4+ 75. Kd6 Ba5 76. Kc6 Nd3 
77. Kb5 Bb4 78. Be2 Be7 79. Nxd2 Nc5 80. b4 Ne6 81. Bd1 Kg5 82. c5 Bf8 
83. Kc4 Kf4 84. c6 Nc7 85. Nb3 Bh6 86. Nc5 Ne8 87. b5 Nd6+ 88. Kb4 Nc8 
89. Ka5 Kg3 90. b6 Nd6 91. b7 Kf2 92. b8=Q Nf7 93. Qb2+ Kg3 94. Ne4+ Kf4 
95. Qe2 Ng5 96. c7 Bf8 97. c8=Q Bb4+ 98. Kxb4 Nf3 99. Qxf3# 1-0

[Event "Monday Night Engine Tour 11 Rd Swiss 5m+1s Starts at 2200hrs ST"]
[Site "Infinity Chess"]
[Date "2018.4.16"]
[Round "5"]
[White "ocirema"]
[Black "incredible"]
[Result "1-0"]
[ECO "C00"]
[WhiteElo "2491"]
[BlackElo "2473"]
[WhiteEngine "asmFishW_2018-04-11_popcnt_CTG"]
[BlackEngine "stockfish_18041408_x64_bmi2"]
[EventType "Swiss"]
[WhiteTeam ""]
[BlackTeam ""]
[PlyCount "165"]
[TimeControl "300+1"]

1. e4 e6 2. d4 h6 3. Bd3 d5 4. Nc3 Nf6 5. e5 Nfd7 6. Nce2 c5 7. c3 Be7 
8. Nh3 Nc6 9. O-O Qb6 10. Bc2 g5 11. f4 cxd4 12. cxd4 g4 13. Nf2 h5 14. Be3 Nf8 
15. Rc1 Bd7 16. Nd3 Ng6 17. Nc3 Qa5 18. f5 exf5 19. a3 f4 20. b4 Qd8 
21. Rxf4 Nxf4 22. Nxf4 Be6 23. Qd3 a6 24. Kh1 Rc8 25. Bb3 Na7 26. Ncxd5 Rxc1+ 
27. Bxc1 Qd7 28. Nxe6 fxe6 29. Nf4 Rh6 30. Ne2 Rh8 31. Be3 Rf8 32. d5 exd5 
33. Bxa7 Qe6 34. Bxd5 Qxe5 35. Bxb7 Rf1+ 36. Ng1 Rf6 37. Qc4 Qe6 38. Bd5 Qd7 
39. Bd4 Rd6 40. Bf7+ Kf8 41. Bxh5 Qf5 42. Bc5 Rf6 43. Bxg4 Qf4 44. Bxe7+ Kxe7 
45. Qg8 Qe3 46. Bh5 Kd7 47. Qh7+ Qe7 48. Bg4+ Ke8 49. Qg8+ Qf8 50. Qc4 Qd6 
51. h4 Kf8 52. Nf3 Qc6 53. Qd3 Qd6 54. Qc4 Rf4 55. Qc8+ Kg7 56. Bf5 Kf6 
57. Bc2 Kg7 58. Bb3 Rf8 59. Qb7+ Kh8 60. Bc2 Qh6 61. Bd3 Qg7 62. Qe4 Rc8 
63. Ng5 Rd8 64. Kh2 Rxd3 65. Qxd3 Qe5+ 66. g3 Qb2+ 67. Kh3 Qg7 68. Qd8+ Qg8 
69. Qxg8+ Kxg8 70. Ne6 Kf7 71. Nc5 Kg6 72. Nxa6 Kf5 73. b5 Ke4 74. b6 Kd3 
75. h5 Kc2 76. h6 Kb1 77. b7 Kb2 78. h7 Kc1 79. h8=Q Kd1 80. b8=Q Ke2 
81. Qbb2+ Kd1 82. Qhd4+ Ke1 83. Qbf2# 1-0